 Dungeon Crawl Stone Soup version 0.19.5 (webtiles) character file.

74 McKennaii the Skirmisher (level 4, -2/37 HPs)
             Began as a Demonspawn Abyssal Knight on Apr 25, 2017.
             Was a Follower of Lugonu.
             Slain by an ooze (5 damage)
             ... on level 2 of the Dungeon.
             The game lasted 00:03:30 (1711 turns).

McKennaii the Skirmisher (DsAK)                     Turns: 1711, Time: 00:03:31

Health: -2/37      AC:  3    Str: 12    XL:     4   Next: 9%
Magic:  5/5        EV: 11    Int: 14    God:    Lugonu [*.....]
Gold:   55         SH:  0    Dex: 13    Spells: 0 memorised, 3 levels left

rFire  . . .     SeeInvis .     a - +1 falchion
rCold  . . .     Gourm    .     b - +0 leather armour
rNeg   . . .     Faith    .     (no shield)
rPois  .         Spirit   .     (no helmet)
rElec  .         Reflect  .     (no cloak)
rCorr  .         Harm     .     (no gloves)
MR     .....                    (no boots)
Stlth  +.........               (no amulet)
                                (no ring)
                                (no ring)

@: no status effects
A: demonic guardian 1
a: Depart the Abyss, Renounce Religion


You were on level 2 of the Dungeon.
You worshipped Lugonu.
Lugonu was aware of your devotion.
You were hungry.

You visited 1 branch of the dungeon, and saw 2 of its levels.
You visited the Abyss 1 time.

You collected 55 gold pieces.

Inventory:

Hand Weapons
 a - a +1 falchion (weapon)
Armour
 b - a +0 leather armour (worn)
Scrolls
 f - a scroll of identify
 i - a scroll of remove curse
 l - a scroll of enchant armour {unknown}
Potions
 d - 2 potions of heal wounds {unknown}
 e - 2 potions of agility
 g - 2 potions of curing {unknown}
 j - a potion of mutation {unknown}
 m - a potion of brilliance {unknown}
Comestibles
 c - 3 bread rations
 h - a slice of pizza
 k - 2 meat rations


   Skills:
 + Level 4.0 Fighting
 + Level 2.3 Long Blades
 + Level 2.2 Armour
 + Level 1.1 Dodging
 + Level 0.2 Stealth
 + Level 2.6 Invocations


You had 3 spell levels left.
You didn't know any spells.

Dungeon Overview and Level Annotations

Branches:
Dungeon (2/15)

Altars:
Kikubaaqudgha
Trog


Innate Abilities, Weirdness & Mutations

A weak demonic guardian rushes to your aid.


Message History

The ooze is lightly wounded.
Natasha closely misses you.
You riposte.
You closely miss Natasha.
Natasha is almost dead.
The ooze hits you but does no damage.
You closely miss Natasha.
Natasha is almost dead.
Natasha claws you.
* * * LOW HITPOINT WARNING * * *
The ooze misses you. Natasha claws you.
* * * LOW HITPOINT WARNING * * *
You hit Natasha.
You kill Natasha!
Lugonu accepts your kill.
Natasha screams in pain as she dies!
You have reached level 4!
You feel clever. The ooze hits you.
* * * LOW HITPOINT WARNING * * *
The ooze hits you.
You die...

.............. ... ............#
... ............# ...
............# #. .
.......†....#### ###. .
................ +..> ..
..........).### #.# '##
##......J...# #.. ..#
#.......@..######.... #.. ..#
...............#..... #..
..###############.#####.... #..
........# #.....#####... #..
..#####.# #...)....##.. #..
.....##.#####..##....##.#######..
.....##....##..#.....##......##..
.....###........._...............
.....# #....##.....#..#......#...


You could see an ooze.

Vanquished Creatures
  Natasha (D:2)
  A gnoll (D:1)
  A worm (D:2)
  3 dart slugs
  3 leopard geckos
  2 giant cockroaches (D:2)
  4 goblins
  5 hobgoblins
  4 kobolds
  A quokka (D:2)
  A ball python (D:1)
  A bat (D:1)
  2 frilled lizards
  6 rats
35 creatures vanquished.

Notes
Turn   | Place    | Note
-------+----------+-------------------------------------------
     0 | Abyss:1  | McKennaii the Demonspawn Abyssal Knight began the quest for the Orb.
     0 | Abyss:1  | Reached XP level 1. HP: 18/18 MP: 2/2
    84 | Abyss:1  | Found a corrupted altar of Lugonu.
   118 | Abyss:1  | Noticed a mottled draconian caller
   118 | Abyss:1  | Noticed a worldbinder
   126 | Abyss:1  | Noticed a swamp drake
   126 | Abyss:1  | Noticed a death drake
   127 | Abyss:1  | Noticed a komodo dragon
   127 | Abyss:1  | Noticed a rime drake
   127 | Abyss:1  | Noticed a komodo dragon
   127 | Abyss:2  | Found a corrupted altar of Lugonu.
   145 | Abyss:3  | Found a corrupted altar of Lugonu.
   163 | Abyss:3  | Noticed a tormentor
   183 | Abyss:3  | Got a dazzling fustibalus
   187 | Abyss:3  | Noticed a thrashing horror
   190 | D:1      | Escaped the Abyss
   374 | D:1      | Reached * piety under Lugonu
   486 | D:1      | Gained mutation: A weak demonic guardian rushes to your aid. [demonic ancestry]
   486 | D:1      | Reached XP level 2. HP: 24/24 MP: 3/3
  1046 | D:1      | Reached skill level 1 in Dodging
  1071 | D:1      | Reached XP level 3. HP: 28/30 MP: 4/4
  1249 | D:2      | Found a faded altar of an unknown god.
  1249 | D:2      | Found a faded altar of an unknown god.
  1256 | D:2      | Found a bloodstained altar of Trog.
  1264 | D:2      | Found a faded altar of an unknown god.
  1265 | D:2      | Found a faded altar of an unknown god.
  1289 | D:2      | Found an ancient bone altar of Kikubaaqudgha.
  1309 | D:2      | Reached skill level 4 in Fighting
  1698 | D:2      | Noticed Natasha
  1708 | D:2      | Killed Natasha
  1708 | D:2      | Reached XP level 4. HP: 4/37 MP: 5/5
  1711 | D:2      | Slain by an ooze

Skill      XL: |  1  2  3 |
---------------+----------+-----
Armour         | 2 |  2.2
Dodging        | 1 |  1.1
Long Blades    | 2 |  2.3
Fighting       | 4 |  4.0
Stealth        | |  0.2
Invocations    | |  2.6

Action                   |  1- 3 |  4- 6 || total
-------------------------+-------+-------++-------
Melee: Falchion          |   101 |       ||   101
Invok: Depart the Abyss  |     1 |       ||     1
  Use: Scroll            |     3 |       ||     3
 Stab: Sleeping          |     1 |       ||     1
       Distracted        |     1 |       ||     1
  Eat: Chunk             |     2 |       ||     2
Armor: Leather armour    |    26 |       ||    26
Dodge: Dodged            |    75 |       ||    75
       Rpst.: Falchion   |    25 |       ||    25
